 Dungeon Crawl Stone Soup version 0.30-a0-1053-gbd8d5ba0ad (webtiles) character file.

Game seed: 12558646570711532356

283 Ge0ff the Trooper (level 6, -16/67 HPs)
             Began as an Ogre Chaos Knight on Apr 11, 2023.
             Was a Plaything of Xom.
             Demolished by Duvessa the jumping spider (shapeshifter) (17 damage)
             ... on level 3 of the Dungeon.
             The game lasted 00:04:43 (2390 turns).

Ge0ff the Trooper (Ogre Chaos Knight)               Turns: 2390, Time: 00:04:45

Health: -16/67     AC:  5    Str: 16 (19) XL:     6   Next: 28%
Magic:  6/6        EV:  9    Int: 10 (13) God:    Xom [.....*]
Gold:   107        SH:  0    Dex:  7 (8)  Spells: 5/5 levels left

rFire   . . .      SeeInvis .    a - +0 spear (spect)
rCold   . . .      Faith    .    (no shield)
rNeg    . . .      Spirit   .    b - +2 robe
rPois   .          Reflect  .    (helmet restricted)
rElec   .          Rampage  .    (no cloak)
rCorr   .                        (gloves unavailable)
Will    .....                    (boots unavailable)
Stlth   ++                       (no amulet)
HPRegen 0.31/turn                w - ring of flight
MPRegen 0.10/turn                (no ring)

@: flying
A: large, unfitting armour, tough skin 1
a: Renounce Religion


You were on level 3 of the Dungeon.
You worshipped Xom.
You were Xom's teddy bear.
You visited 1 branch of the dungeon, and saw 4 of its levels.

You collected 107 gold pieces.

Inventory:

Hand Weapons
 a - a +0 spectral spear (weapon)
Missiles
 d - 32 stones
 V - 2 boomerangs (quivered)
Armour
 b - a +2 robe (worn)
Jewellery
 w - a ring of flight (left hand)
 U - a ring of ice
Scrolls
 x - 3 scrolls of brand weapon
 F - a scroll of fog
 T - a scroll of teleportation
Potions
 q - 4 potions of curing
 s - a potion of degeneration
 u - a potion of invisibility {unknown}
 v - 2 potions of attraction {unknown}
 L - a potion of lignification
 N - a potion of cancellation {!q}
 W - a potion of mutation {unknown}
Miscellaneous
 c - a piece from Xom's chessboard (12/15)


   Skills:
 + Level 5.7 Fighting
 * Level 5.4 Polearms
 - Level 2.1 Dodging
 - Level 2.0 Stealth


You had 5 spell levels left.
You didn't know any spells.
Your spell library was empty.

Dungeon Overview and Level Annotations

Branches:
Dungeon (4/15) Zot: 21647
 Temple: D:4-7

Altars:
Dithmenos
Hepliaklqana
Sif Muna
Xom
The Shining One

Shops:
D:2 :

Annotations:
D:4 Dowan


Innate Abilities, Weirdness & Mutations

You are too large for most types of armour.
You have tough skin. (AC +1)


Message History

It was a potion of cancellation.
Your magical effects are unravelling.
You feel magically purged.
N - a potion of cancellation You feel less wooden.
Your +2 robe unmelds from your body.
Okay, then.
You are too injured to fight recklessly!
Reach: a) +0 spear (spect)
Press: ? - help, Dir - move target, f - Duvessa
Aim: Duvessa the jumping spider shaped shifter (lightly wounded, fast, petrified, about 2% to evade your +0 spectral spear)
You reach to attack!
Duvessa fails to defend itself.
You hit Duvessa.
Duvessa is lightly wounded.
Your +0 spectral spear hits Duvessa from afar.
Reach: a) +0 spear (spect)
Press: ? - help, Dir - move target, f/p - Duvessa
Aim: Duvessa the jumping spider shaped shifter (lightly wounded, fast, petrified, about 2% to evade your +0 spectral spear)
You reach to attack!
Duvessa fails to defend itself.
You hit Duvessa.
Duvessa is lightly wounded.
Your +0 spectral spear hits Duvessa from afar.
Reach: a) +0 spear (spect)
Press: ? - help, Dir - move target, f/p - Duvessa
Aim: Duvessa the jumping spider shaped shifter (lightly wounded, fast, petrified, about 2% to evade your +0 spectral spear)
You reach to attack!
Duvessa fails to defend itself.
You hit Duvessa.
Duvessa is lightly wounded.
Your +0 spectral spear hits Duvessa.
Reach: a) +0 spear (spect)
Press: ? - help, Dir - move target, f/p - Duvessa
Aim: Duvessa the jumping spider shaped shifter (lightly wounded, fast, petrified, about 2% to evade your +0 spectral spear)
You could not reach far enough!
Reach: a) +0 spear (spect)
Press: ? - help, Dir - move target, f/p - Duvessa
Aim: Duvessa the jumping spider shaped shifter (lightly wounded, fast, petrified, about 2% to evade your +0 spectral spear)
You reach to attack!
Duvessa fails to defend itself.
You hit Duvessa but do no damage.
Duvessa is lightly wounded.
Your +0 spectral spear hits Duvessa but does no damage.
Duvessa is no longer petrified.
Duvessa pounces on you.
* * * LOW HITPOINT WARNING * * *
Duvessa bites you.
* * * LOW HITPOINT WARNING * * *
Duvessa barely misses you. Duvessa closely misses you. Duvessa pounces on you!
* * * LOW HITPOINT WARNING * * *
You are caught in a web!
Duvessa completely misses you.
There is a web here.
The web tears apart.
Duvessa pounces on you.
* * * LOW HITPOINT WARNING * * *
Duvessa closely misses you. Duvessa pounces on you!
You die...
Xom chortles!

..###.._...##....######.#
.##,#8......##...# #.#
.#,.##.......#..## #.#
.#>..#####...').#### #.#
.#.......##..#.....# #.#
.##......8#.##.....# #.#
..##..._..###......# #.#
...##....8##....§..####.#######
..⌠.##...##.⌠...@.>....<......#
.....#####.....s##.########.###
........................###.#####
.#...#..........................#
.#...#..................###.##.##
.#...#.............###### #.##.#
#............####..# #.##.#
.......#####.# #...# #.##.#
.......#####.# #.#.# #.##.#


You could see Duvessa the jumping spider shaped shifter (fast).

Vanquished Creatures
  An ice beast (D:3)
  An iguana (D:3)
  A gnoll (D:1)
  2 adders
  A worm (D:2)
  An orc (D:3)
  5 ball pythons
  8 endoplasms
  A giant cockroach (D:1)
  3 goblins
  5 hobgoblins
  2 quokkas (D:3)
  5 bats
  3 frilled lizards
  2 kobolds (D:3)
  3 rats
44 creatures vanquished.

Vanquished Creatures (collateral kills)
  An ogre (D:3)
  A bat (D:3)
  A hobgoblin (D:3)
3 creatures vanquished.

Grand Total: 47 creatures vanquished

Notes
Turn   | Place    | Note
-------+----------+-------------------------------------------
     0 | D:1      | Ge0ff the Ogre Chaos Knight began the quest for the Orb.
     0 | D:1      | Reached XP level 1. HP: 24/24 MP: 1/1
   307 | D:1      | XOM: potion effect (haste)
   334 | D:1      | Reached XP level 2. HP: 32/32 MP: 2/2
   593 | D:1      | XOM: divination: magic mapping
   623 | D:1      | XOM is BORED!
   623 | D:1      | XOM: silly message
   671 | D:1      | XOM: potion effect (brilliance)
   678 | D:1      | Reached XP level 3. HP: 25/40 MP: 3/3
   920 | D:2      | Found Xaek's Vocational Training.
   994 | D:2      | Reached skill level 1 in Stealth
  1300 | D:2      | XOM: silly message
  1402 | D:3      | XOM: confuse monster(s)
  1415 | D:3      | Reached XP level 4. HP: 38/49 MP: 4/4
  1448 | D:3      | XOM: god gift: ring of ice
  1559 | D:3      | Noticed an ogre
  1569 | D:3      | XOM: summons 4 friendly demons
  1571 | D:3      | Killed an ogre
  1572 | D:3      | Reached skill level 5 in Fighting
  1572 | D:3      | Reached XP level 5. HP: 41/57 MP: 5/5
  1682 | D:3      | Found a hazy altar of Hepliaklqana.
  1811 | D:3      | Found a faded altar of an unknown god.
  1826 | D:3      | Found a glowing golden altar of the Shining One.
  2084 | D:3      | Noticed an ice beast
  2086 | D:3      | XOM: noise
  2097 | D:3      | Killed an ice beast
  2098 | D:3      | Reached skill level 5 in Polearms
  2098 | D:3      | Reached XP level 6. HP: 50/67 MP: 6/6
  2112 | D:3      | XOM: summons 1 hostile demon
  2170 | D:3      | Found a shimmering blue altar of Sif Muna.
  2235 | D:3      | XOM: scenery: create altars
  2356 | D:4      | Noticed Duvessa
  2356 | D:4      | Noticed Dowan
  2356 | D:4      | Found a shadowy altar of Dithmenos.
  2356 | D:4      | Duvessa changed into Duvessa the shapeshifter
  2356 | D:4      | Noticed Duvessa (shapeshifter)
  2356 | D:4      | XOM: polymorph Duvessa -> Duvessa the shapeshifter
  2357 | D:4      | Duvessa the shapeshifter changed into Duvessa the jumping
                  | spider
  2357 | D:4      | Noticed Duvessa (shapeshifter)
  2360 | D:4      | XOM: divination: detect creatures
  2370 | D:3      | XOM: silly message
  2390 | D:3      | HP: 1/67 [Duvessa the jumping spider (shapeshifter) (5)]
  2390 | D:3      | Demolished by Duvessa the jumping spider (shapeshifter)

Illustrated notes

Levels and vault maps discovered:
D:1:      dpeg_arrival_castle, layout_loops_cross
D:2:      layout_basic, nicolae_shop_vocational
D:3:      layout_basic, old_standard_altar, nicolae_overflow_ecumenical_swirl,
          lemuel_coloured_pillars_altar
D:4:      layout_rooms, nicolae_ashenzari_panopticon,
          nicolae_dithmenos_the_darkroom, nicolae_grassy_gnolls, uniq_duvessa,
          uniq_eustachio

Skill      XL: |  1  2  3  4  5 |
---------------+----------------+-----
Stealth        | 1 2 |  2.0
Polearms       | 4 5 |  5.4
Fighting       | 5 |  5.7
Dodging        | |  2.1

Action                     |  1- 3 |  4- 6 || total
---------------------------+-------+-------++-------
  Melee: Spear             |    92 |    79 ||   171
  Throw: Boomerang         |       |     3 ||     3
  Evoke: Piece from Xom's  |       |     3 ||     3
    Use: Scroll            |     4 |     3 ||     7
         Potion            |       |     3 ||     3
   Stab: Sleeping          |     2 |       ||     2
         Confused          |     1 |       ||     1
         Petrified         |       |     4 ||     4
 Armour: Robe              |    15 |    19 ||    34
         Skin              |       |     9 ||     9
  Dodge: Dodged            |    25 |    22 ||    47

Table legend: (Time is in decaauts)
 A = Elapsed time spent in this place.
 B = Non-inter-level travel time spent in this place.
 C = Inter-level travel time spent in this place.
 D = Time resting spent in this place.
 E = Time spent auto-exploring this place.
 F = Levels seen in this place.
 G = Mean time per level.
                   A        B        C        D        E       F      G
               +--------+--------+--------+--------+--------+-----+--------+
         Total |   2351 |   2252 |     99 |      0 |   1757 |   4 |  587.8 |
       Dungeon |   2351 |   2252 |     99 |      0 |   1757 |   4 |  587.8 |
               +--------+--------+--------+--------+--------+-----+--------+

Top non-repeatable levels by time:
     D:3: 1023 daAuts
     D:1: 753 daAuts
     D:2: 569 daAuts
     D:4: 4 daAuts
